 Dungeon Crawl Stone Soup version 0.23.2-40-g277498a (webtiles) character file.

Game seed: 12174304974280930749

506 SirLoric3 the Cutter (level 7, 0/53 HPs)
             Began as a Human Fighter on Oct 17, 2019.
             Was a Follower of Elyvilon.
             Slain by a hound skeleton (3 damage)
             ... on level 6 of the Dungeon.
             The game lasted 00:29:30 (2344 turns).

SirLoric3 the Cutter (Human Fighter)                Turns: 2344, Time: 00:29:30

Health: 0/53       AC: 14    Str: 18    XL:     7   Next: 41%
Magic:  7/7        EV:  5    Int:  9    God:    Elyvilon [*.....]
Gold:   162        SH:  9    Dex: 10    Spells: 6/6 levels left

rFire    . . .     SeeInvis .   a - +0 rapier
rCold    . . .     Gourm    .   V - +0 shield
rNeg     . . .     Faith    .   I - +0 chain mail
rPois    +         Spirit   .   S - +2 helmet
rElec    .         Reflect  .   (no cloak)
rCorr    .         Harm     .   (no gloves)
MR       .....                  D - +1 pair of boots
Stlth    ..........             (no amulet)
HPRegen  0.17/turn              (no ring)
MPRegen  0.10/turn              (no ring)

@: very slightly contaminated, hasted, invisible, very quick
A: clumsy 1, poison resistance, screaming 1
a: Lesser Healing, Divine Protection, Renounce Religion


You were on level 6 of the Dungeon.
You worshipped Elyvilon.
Elyvilon was aware of your devotion.
You were not hungry.

You visited 1 branch of the dungeon, and saw 6 of its levels.
You also visited: Sewer.

You collected 162 gold pieces.

Inventory:

Hand Weapons
 a - a +0 rapier (weapon)
 e - a +0 hunting sling
 J - a +0 blowgun
 Q - a +0 shortbow
Missiles
 s - 67 stones
 t - 20 sling bullets
 z - 3 javelins
 B - 3 large rocks
 C - 22 bolts
 N - 58 arrows
 O - a tomahawk (quivered)
Armour
 D - a +1 pair of boots (worn)
 I - a +0 chain mail (worn)
 S - a +2 helmet (worn)
 T - a +0 leather armour
 V - a +0 shield (worn)
Scrolls
 i - a scroll of identify
 u - a scroll of magic mapping
 U - a scroll of remove curse
Potions
 L - 3 potions of flight
Comestibles
 f - 7 rations


   Skills:
 + Level 3.8 Fighting
 + Level 4.4 Short Blades
 + Level 2.0 Throwing
 + Level 4.1 Armour
 + Level 1.6 Dodging
 + Level 1.6 Stealth
 + Level 4.3 Shields


You had 6 spell levels left.
You didn't know any spells.
Your spell library was empty.

Dungeon Overview and Level Annotations

Branches:
Dungeon (6/15)             Temple (0/1) D:4

Altars:


Innate Abilities, Weirdness & Mutations

You are clumsy. (Dex -2)
Your system is resistant to poisons. (rPois)
You occasionally shout uncontrollably at your foes.


Message History

Wield which item (- for none, * to show all)? (? for menu, Esc to quit)
a - a +0 rapier (weapon)
Wear which item? (? for menu, Esc to quit)
Okay, then.
You puncture the ogre!
The ogre is moderately wounded.
You catch the helpless ogre completely off-guard!
You puncture the ogre!
The ogre is severely wounded.
You hit the hound skeleton but do no damage.
You hit the hound skeleton.
The hound skeleton is moderately damaged.
The hound skeleton bites you but does no damage.
You hit the hound skeleton.
The hound skeleton is moderately damaged.
The hound skeleton bites you but does no damage.
You puncture the hound skeleton!
The hound skeleton is almost destroyed.
The hound skeleton bites you.
You die...

#.#############.#
#.# #.# #####.#
..# #.# ...#.#
#.# #.#
######.#.# #.#
#.# #........#
#.# #.#
#.###..#.# #.#
#.# .>...#.#
####.# #.#
#......#.#
#@##.######)#
####.#.#.#
#Z##........#
......#
#O...########
##.#.###
#.##........
#....
........#####
...#.####.#
.......# .# .###
### .# #


You could see an ogre and a hound skeleton.

Vanquished Creatures
  A sky beast (D:5)
  A phantom (D:4)
  A centaur (D:5)
  A big kobold (Sewer)
  A hound (D:5)
  4 adders
  2 river rats (Sewer)
  2 shadow imps
  2 worms (D:3)
  3 leopard geckos
  An orc (D:3)
  2 ball pythons (D:3)
  9 goblins
  7 hobgoblins
  6 jackals
  8 kobolds
  A quokka (D:2)
  7 bats
  5 frilled lizards
  A leopard gecko skeleton (D:5)
  7 rats
72 creatures vanquished.

Notes
Turn   | Place    | Note
-------+----------+-------------------------------------------
     0 | D:1      | SirLoric3 the Human Fighter began the quest for the Orb.
     0 | D:1      | Reached XP level 1. HP: 18/18 MP: 1/1
   183 | D:1      | Reached XP level 2. HP: 22/24 MP: 2/2
   442 | D:2      | Reached XP level 3. HP: 27/29 MP: 3/3
   887 | D:3      | Reached XP level 4. HP: 25/35 MP: 4/4
   893 | D:3      | Found a glowing drain.
   988 | Sewer    | Entered a sewer
  1072 | Sewer    | Noticed a big kobold
  1105 | Sewer    | Gained mutation: You are clumsy. (Dex -2) [potion of
                  | mutation]
  1105 | Sewer    | Gained mutation: You occasionally shout uncontrollably at
                  | your foes. [potion of mutation]
  1105 | Sewer    | Gained mutation: Your system is resistant to poisons.
                  | (rPois) [potion of mutation]
  1108 | Sewer    | Killed a big kobold
  1108 | Sewer    | Reached skill level 1 in Dodging
  1108 | Sewer    | Reached skill level 1 in Stealth
  1108 | Sewer    | Reached XP level 5. HP: 9/41 MP: 5/5
  1158 | Sewer    | Found a white marble altar of Elyvilon.
  1169 | Sewer    | Became a worshipper of Elyvilon the Healer
  1426 | D:4      | Noticed a phantom
  1469 | D:4      | Killed a phantom
  1469 | D:4      | Reached skill level 1 in Throwing
  1469 | D:4      | Reached XP level 6. HP: 42/47 MP: 6/6
  1924 | D:4      | Reached * piety under Elyvilon
  1925 | D:4      | Found a staircase to the Ecumenical Temple.
  2043 | D:5      | Entered Level 5 of the Dungeon
  2119 | D:5      | Reached XP level 7. HP: 17/53 MP: 7/7
  2336 | D:6      | HP: 2/53 [ogre/+0 giant club (10)]
  2344 | D:6      | Slain by a hound skeleton

Skill      XL: |  1  2  3  4  5  6  7 |
---------------+----------------------+-----
Short Blades   | 3 4 |  4.4
Dodging        | 1 |  1.6
Stealth        | 1 |  1.6
Throwing       | 1 2 |  2.0
Shields        | 4 |  4.3
Armour         | 4 |  4.1
Fighting       | |  3.8

Action                   |  1- 3 |  4- 6 |  7- 9 || total
-------------------------+-------+-------+-------++-------
Melee: Rapier            |   111 |   135 |    35 ||   281
Throw: Tomahawk          |     4 |    12 |       ||    16
       Stone             |       |    17 |       ||    17
  Use: Scroll            |     7 |     1 |     1 ||     9
       Potion            |     5 |     6 |     3 ||    14
 Stab: Invisible         |       |       |     1 ||     1
  Eat: Chunk             |       |     4 |     1 ||     5
Armor: Scale mail        |    32 |    43 |    17 ||    92
       Chain mail        |       |       |     2 ||     2
Dodge: Dodged            |    32 |    37 |     8 ||    77
Block: Shield            |    56 |    67 |    13 ||   136
